woodfighter, neutral female sylph Priestess ------------ -------------- #*###+..........| ----- |............| ###|..........| |...| |............| # #-..........| ##|...| |............| #####|...........###%#### # |...| ---|-------.-- # # --------.--- ########+...| ##### # ### [ #### ### # |.<.| ## # # # # ### ### ---.- ##### # ### # ## # ### # --.-.---- # # # ------.--### ### # # --.......| ###### # --.......|# # ### # |........| #------ # |......*.|##### # # |........| #|....| # |......'.| # ### ## |*........#######|....| # |.......@-##### # --.-- |.......-- |....-----# |........| # ##..>.| --------- |.........# |.......-- ### |{..| |........| --------- # |...| |........| ########-^..| ---------- -%--- ` woodfighter the Adept Experience level: 6 Strength: 11 Dexterity: 13 Constitution: 14 Intelligence: 19 Wisdom: 12 Charisma: 12 Health: 0(42) Energy: 61(61) Def: 3 Gold: 527 Moves: 3520 Dungeon seed: -0JXA4etJlPBoP00 Game ID: woodfighter_1455915090 Your Inventory: Coins $ - 527 gold pieces Weapons a - a blessed greased corroded +1 mace (weapon in hand) D - a +0 long sword Armor e - a +0 robe (being worn) n - a greased +0 small shield (being worn) q - a +0 dwarvish cloak Comestibles d - a sprig of wolfsbane K - 2 tripe rations P - a lizard corpse Scrolls p - 2 scrolls of scare monster s - a scroll of teleportation v - a scroll of enchant weapon y - a scroll of identify I - a scroll of blank paper Spellbooks g - a spellbook of create monster h - a spellbook of cure blindness i - a spellbook of light u - a spellbook of slow monster named 1 x - a spellbook of fireball named 1 Q - a spellbook of haste self named 1 Potions b - 4 potions of holy water j - a potion of gain energy k - 2 potions of healing E - a blessed potion of gain ability G - a blessed potion of booze O - a potion of levitation Rings t - a +1 ring of gain constitution (on left hand) w - a cursed ring of searching Wands f - a wand of cancellation (0:1) m - a wand of striking (0:7) B - a wand of enlightenment (0:10) Tools o - a can of grease (0:16) z - a skeleton key Spells and supernatural/magical abilities: Name Level Category Fail Memory f - fireball 4 attack 89% 89% l - light 1 divination 0% 83% s - slow monster 2 enchantment 10% 87% B - cure blindness 2 healing 2% 83% H - haste self 3 escape 55% 100% O - create monster 2 clerical 0% 83% W - pray for help -- divine ? -- X - turn undead -- divine ? -- Your skills at the end: Miscellaneous Skills shield [Basic] wands [Basic] Weapon Skills mace [Basic] Spellcasting Skills clerical spells [Basic] Final Attributes: You were devoutly aligned. You saw invisible. You had infravision. You were stealthy. You were held by a rope golem. You were protected from shape changers. You are dead. Vanquished creatures: a small mimic a lizard a pony 2 yellow lights a ghoul a straw golem a paper golem a giant ant a dwarf 2 homunculi 2 kobold shamans a rothe a dwarf zombie 3 killer bees 4 coyotes 2 hobbits an acid blob a large kobold 2 geckos a brown mold 2 yellow molds 2 green molds 19 jackals 2 foxes 9 newts 5 goblins 6 grid bugs 3 lichens a kobold zombie 79 creatures vanquished. Voluntary challenges: You were vegetarian. You had followed a strict vegan diet until turn 2655. You had been an atheist until turn 3513. You used a wielded weapon 159 times, starting on turn 1. You did not use containers. You did not apply a unicorn horn. You read items or engraved 25 times, starting on turn 558. You never genocided any monsters. You never polymorphed an object. You never changed form. You used no wishes. You never split a pudding. You never wrote Elbereth's name. You never violated your personal moral code. Dungeon overview: The Dungeons of Doom: levels 1 to 7 Level 1 a fountain a long staircase Level 2 a fountain Level 3 a general store, a fountain Level 4 a long staircase Level 5 an altar to Loki, some fountains Level 6 (vault) <- You were here a fountain Level 7 History has recorded: On T:1 you entered the Dungeons of Doom to retrieve the Amulet of Yendor! On T:128 you reached level 2 of The Dungeons of Doom. On T:255 you advanced to experience level 2. On T:592 you advanced to experience level 3. On T:782 you reached level 3 of The Dungeons of Doom. On T:1282 you reached level 4 of The Dungeons of Doom. On T:1311 you advanced to experience level 4. On T:1379 you reached level 5 of The Dungeons of Doom. On T:2177 you advanced to experience level 5. On T:2521 you reached level 6 of The Dungeons of Doom. On T:2627 you reached level 7 of The Dungeons of Doom. On T:2967 you advanced to experience level 6. Score breakdown: Gold: 527 ( 52 points) Experience: 6 levels ( 500 points) Exploration: 7 levels ( 180 points) Discoveries: 8 items ( 400 points) Variety of kills: 29 monsters ( 1450 points) Major goal: (nothing yet) ( 0 points) Survival: died (score multiplied by 3) Total score: 7746 Latest messages: The door opens. The rope golem claws you! (2x) The rope golem grabs you, but cannot hold onto your greased robe! The grease wears off. The rope golem claws you! (2x) The rope golem grabs you! You die... Final status: Goodbye woodfighter the Priestess, killed by a rope golem... You died in The Dungeons of Doom on dungeon level 6 with 7746 points, and 527 pieces of gold, after 3520 moves. You were level 6 with a maximum of 42 hit points when you died.